 Dungeon Crawl Stone Soup version 0.21.1-1-g345015fe64 (webtiles) character file.

27930 IceCat the Blocker (level 13, -1/120 HPs)
             Began as a Gargoyle Berserker on July 27, 2018.
             Was the Champion of Trog.
             Killed by divine providence
             ... invoked by an orc priest
              (16 damage)
             ... on level 2 of the Orcish Mines.
             The game lasted 01:20:27 (10687 turns).

IceCat the Blocker (Gargoyle Berserker)            Turns: 10687, Time: 01:20:27

Health: -1/120     AC: 24    Str: 36    XL:     13   Next: 35%
Magic:  16/16      EV:  6    Int:  8    God:    Trog [******]
Gold:   1235       SH: 23    Dex:  9    Spells: 12/12 levels left

rFire    + . .     SeeInvis .   x - +0 war axe (flame)
rCold    + . .     Gourm    .   w - +2 large shield
rNeg     + . .     Faith    .   j - +0 plate armour
rPois    ∞         Spirit   .   (no helmet)
rElec    +         Reflect  .   a - scarf {rC+ rF+}
rCorr    .         Harm     +   v - +0 pair of gloves
MR       +....                  (no boots)
Stlth    ..........             D - amulet of harm
HPRegen  0.30/turn              B - ring of protection from magic
MPRegen  0.15/turn              L - +5 ring of strength

@: mighty, berserking (expiring), very quick
A: negative energy resistance 1, electricity resistance, unbreathing,
petrification resistance, rot immunity, AC +9
a: Berserk, Trog's Hand, Brothers in Arms, Burn Spellbooks, Renounce Religion


You were on level 2 of the Orcish Mines.
You worshipped Trog.
Trog was exalted by your worship.
You were very hungry.

You visited 2 branches of the dungeon, and saw 14 of its levels.

You collected 1715 gold pieces.
You spent 480 gold pieces at shops.

Inventory:

Hand Weapons
 e - a +2 demon whip of electrocution
 x - a +0 war axe of flaming (weapon)
Armour
 a - a scarf of resistance (worn)
 j - a +0 plate armour (worn)
 v - a +0 pair of gloves (worn)
 w - a +2 large shield (worn)
 P - a +1 cloak
Jewellery
 i - an uncursed ring of ice
 o - an uncursed ring of protection from magic
 p - an uncursed ring of positive energy
 B - a ring of protection from magic (left hand)
 D - an amulet of harm (around neck)
 L - a +5 ring of strength (right hand)
 U - an uncursed ring of positive energy
Wands
 b - a wand of iceblast (16)
 d - a wand of digging (18)
 C - a wand of polymorph (5)
 M - a wand of disintegration (32)
 R - a wand of paralysis (24)
 S - a wand of clouds (5)
Scrolls
 f - 5 scrolls of remove curse
 g - 6 scrolls of teleportation
 h - a scroll of identify
 k - 2 scrolls of magic mapping
 q - 3 scrolls of enchant armour
 r - 4 scrolls of fear
 y - a scroll of immolation
 A - 2 scrolls of blinking
Potions
 l - a potion of lignification
 m - 2 potions of cancellation
 s - 2 potions of haste
 t - 11 potions of curing
 z - a potion of ambrosia
 G - a potion of agility
 N - a potion of flight
Books
 E - a book of Changes

   Spells                             Type                      Level
   a - Beastly Appendage              Transmutation                1
   b - Sticks to Snakes               Transmutation                2
   c - Spider Form                    Transmutation/Poison         3
   d - Ice Form                       Ice/Transmutation            4
   e - Blade Hands                    Transmutation                5
   Trog disapproves of the use of such an item.
 K - a book of Cantrips

   Spells                             Type                      Level
   a - Confusing Touch                Hexes                        1
   b - Animate Skeleton               Necromancy                   1
   c - Summon Small Mammal            Summoning                    1
   d - Apportation                    Translocation                1
   Trog disapproves of the use of such an item.
 T - the Catalogue of Stones and Flames
   (You found it on level 8 of the Dungeon)

   Spells                             Type                      Level
   a - Sandblast                      Earth                        1
   b - Throw Flame                    Conjuration/Fire             2
   c - Leda's Liquefaction            Hexes/Earth                  4
   d - Bolt of Magma                  Conjuration/Fire/Earth       5
   e - Statue Form                    Transmutation/Earth          6
   Trog disapproves of the use of such an item.
Comestibles
 c - 25 rations
 u - 5 chunks of flesh


   Skills:
 * Level 9.4 Fighting
 + Level 7.4(10.4) Axes
 + Level 12.2(13.1) Maces & Flails
 - Level 2.3 Throwing
 + Level 7.8 Armour
 - Level 1.7 Dodging
 + Level 13.1 Shields
 - Level 4.0 Evocations


You had 12 spell levels left.
You didn't know any spells.

Dungeon Overview and Level Annotations

Branches:
Dungeon (12/15)            Temple (0/1) D:6            Lair (0/6) D:9
    Orc (2/2) D:9             Elf (0/3) Orc:2

Altars:
Ashenzari
Dithmenos
Kikubaaqudgha
Qazlal
Vehumet
Beogh

Shops:
D:12 [[=


Innate Abilities, Weirdness & Mutations

You are resistant to torment.
Your stone body is resilient. (AC +9)
You are immune to poison.
You resist negative energy. (rN+)
You are resistant to electric shocks. (rElec)
You can survive without breathing.
You are immune to petrification.
You are immune to rotting.


Message History

The orc high priest mumbles some strange prayers to Beogh.
The ynoxinul gestures.
You slash the orc high priest! You burn the orc high priest.
The orc high priest is almost dead.
You hit the ice devil. You burn the ice devil. You barely miss the orc knight.
You block the ice devil's attack. You block the orc knight's attack.
The smoke demon gestures at you. Beogh smites you!
* * * LOW HITPOINT WARNING * * *
Your plate armour prevents you from hitting the orc high priest.
The orc high priest is almost dead.
You hit the ice devil but do no damage. You slice the orc knight!!
You burn the orc knight!
Your shield and plate armour prevent you from hitting the ufetubus.
You block the orc high priest's attack.
The ynoxinul gestures.
The red devil barely misses you.
The orc priest invokes the aid of Beogh against you.
Beogh smites you!
You die...

.............#######.......
.............##÷... ###....#
##.##.......###..... ##....
###...........#...÷... ##..#
##.#..........##.35÷... #...
#............##.5555. #.##
#.....##....#.ooo3 ##.##
###....#....##5o4# #....
##...........#4o@# ####....
#............#..)## ####...#...
##.#.........#..).### #.......#.#
#..........##.[.).#####.....#.#
###..........##.............#...
##.#.........#.##............#..#
#..........#...####.)......>....#
#..#.#..#.........##.......<....#
...............................#.


You could see an orc knight, 3 orc high priests, an ice devil, a smoke demon, a
ynoxinul, a red devil, an orc priest and 6 ufetubi.

Vanquished Creatures
  Saint Roka (Orc:1)
  The ghost of nocturnal the Severer, a journeyman DDFi of Makhleb (Orc:1)
  2 hydras
  The ghost of motoroller71 the Nimble, a journeyman GnGl of Makhleb (D:11)
  6 two-headed ogres
  An unseen horror (D:12)
  Pikel (D:7)
  5 orc knights
  A manticore (D:12)
  A cyclops (D:12)
  3 orc sorcerers
  Joseph (D:8)
  A kobold demonologist (D:12)
  4 trolls
  A hornet (D:12)
  A hippogriff (D:8)
  Sigmund (D:2)
  A wraith (D:10)
  4 hogs (D:10)
  A human (D:10)
  2 wyverns
  11 yaks (D:12)
  A hungry ghost (D:8)
  Menkaure (D:7)
  3 wargs (Orc:1)
  An acid dragon (D:12)
  17 orc warriors
  A hornet zombie (D:9)
  A sky beast (D:7)
  3 black bears
  6 ogres
  2 phantoms
  4 wolves (D:9)
  4 centaurs
  An eye of draining (D:9)
  The ghost of Artagas the Grave Robber, an amateur DsNe (D:4)
  The ghost of Analysis the Grave Robber, an amateur DENe (D:3)
  A big kobold (D:9)
  11 bullfrogs
  A gnoll sergeant (D:9)
  3 killer bees (D:7)
  3 scorpions
  A howler monkey (D:4)
  An electric eel (D:9)
  4 bullfrog zombies
  4 crimson imps
  A quasit (D:10)
  5 jellies
  10 orc priests
  3 centaur skeletons
  8 hounds
  22 orc wizards
  A gnoll shaman (D:9)
  5 iguanas
  6 worker ants
  A hound zombie (D:10)
  2 hound skeletons
  2 worker ant zombies
  12 gnolls
  11 adders
  A howler monkey skeleton (D:4)
  2 shadow imps
  2 adder skeletons (D:6)
  4 worms
  A dart slug (D:1)
  3 leopard geckos
  86 orcs
  4 ball pythons
  7 giant cockroaches
  5 hobgoblins
  9 jackals
  2 quokkas
  6 bats
  4 frilled lizards
  8 goblins
  A jackal skeleton (D:4)
  15 kobolds
  2 leopard gecko skeletons
  A quokka skeleton (D:3)
  9 rats
388 creatures vanquished.

Vanquished Creatures (others)
  3 slaves
  A big kobold (D:10)
  2 killer bees (D:7)
  A bullfrog zombie (D:7)
  An orc wizard (Orc:2)
  A killer bee zombie (D:7)
  An orc (D:7)
  4 kobolds (D:10)
14 creatures vanquished.

Grand Total: 402 creatures vanquished

Notes
Turn   | Place    | Note
-------+----------+-------------------------------------------
     0 | D:1      | IceCat the Gargoyle Berserker began the quest for the Orb.
     0 | D:1      | Reached XP level 1. HP: 14/14 MP: 1/1
    62 | D:1      | Reached XP level 2. HP: 19/19 MP: 2/2
   319 | D:1      | Reached XP level 3. HP: 24/24 MP: 3/3
   320 | D:1      | Reached ** piety under Trog
  1080 | D:2      | Noticed Sigmund
  1102 | D:2      | Reached XP level 4. HP: 29/29 MP: 4/4
  1110 | D:2      | Killed Sigmund
  1110 | D:2      | Reached skill level 5 in Maces & Flails
  1110 | D:2      | Reached skill level 1 in Throwing
  1110 | D:2      | Reached XP level 5. HP: 33/33 MP: 5/5
  1251 | D:3      | Reached XP level 6. HP: 38/38 MP: 6/6
  1446 | D:3      | Noticed Analysis's ghost (amateur DENe)
  1455 | D:3      | Killed Analysis's ghost
  1803 | D:4      | Reached skill level 1 in Shields
  1807 | D:4      | Reached XP level 7. HP: 43/44 MP: 7/7
  1813 | D:4      | Noticed Artagas's ghost (amateur DsNe)
  1837 | D:4      | Killed Artagas's ghost
  1837 | D:4      | Reached skill level 2 in Shields
  1967 | D:4      | Found a stormy altar of Qazlal.
  1970 | D:4      | Found a radiant altar of Vehumet.
  1972 | D:4      | Found a shadowy altar of Dithmenos.
  2091 | D:4      | Found a shattered altar of Ashenzari.
  2550 | D:5      | Entered Level 5 of the Dungeon
  2578 | D:5      | Reached *** piety under Trog
  2668 | D:5      | Reached skill level 3 in Shields
  2797 | D:5      | Reached XP level 8. HP: 43/48 MP: 8/8
  3351 | D:6      | Found a staircase to the Ecumenical Temple.
  3480 | D:6      | Reached skill level 4 in Shields
  3850 | D:7      | Noticed Menkaure
  4102 | D:7      | Killed Menkaure
  4102 | D:7      | Reached skill level 1 in Evocations
  4267 | D:7      | Noticed Pikel
  4305 | D:7      | Killed Pikel
  4305 | D:7      | Reached skill level 5 in Fighting
  4305 | D:7      | Reached skill level 5 in Shields
  4305 | D:7      | Reached XP level 9. HP: 41/54 MP: 8/10
  4586 | D:7      | Reached skill level 6 in Shields
  4966 | D:8      | Noticed a two-headed ogre
  4978 | D:7      | Killed a two-headed ogre
  5182 | D:8      | Reached skill level 7 in Shields
  5301 | D:8      | Identified the Catalogue of Stones and Flames
  5405 | D:8      | Reached XP level 10. HP: 56/59 MP: 12/12
  5439 | D:8      | Reached **** piety under Trog
  5542 | D:8      | Noticed Joseph
  5555 | D:8      | Killed Joseph
  5579 | D:8      | Reached skill level 10 in Maces & Flails
  5766 | D:8      | Reached skill level 1 in Axes
  5899 | D:9      | Noticed a two-headed ogre
  5906 | D:9      | Killed a two-headed ogre
  5906 | D:9      | Reached skill level 5 in Armour
  5906 | D:9      | Reached skill level 8 in Shields
  6120 | D:9      | Received a gift from Trog
  6151 | D:9      | Reached skill level 9 in Shields
  6207 | D:9      | Found an ancient bone altar of Kikubaaqudgha.
  6367 | D:9      | Found a staircase to the Lair.
  6466 | D:9      | Received a gift from Trog
  6566 | D:9      | Reached XP level 11. HP: 64/64 MP: 14/14
  6582 | D:9      | Reached ***** piety under Trog
  6584 | D:9      | Found a roughly hewn altar of Beogh.
  6584 | D:9      | Found a staircase to the Orcish Mines.
  6837 | D:10     | Entered Level 10 of the Dungeon
  6900 | D:10     | Reached skill level 5 in Axes
  7037 | D:10     | Noticed a two-headed ogre
  7043 | D:10     | Killed a two-headed ogre
  7231 | D:10     | Reached skill level 10 in Shields
  7299 | D:10     | Noticed a two-headed ogre
  7315 | D:10     | Killed a two-headed ogre
  7826 | D:11     | Noticed a four-headed hydra
  7834 | D:11     | Killed a one-headed hydra
  7971 | D:11     | Noticed motoroller71's ghost (journeyman GnGl)
  7993 | D:11     | Killed motoroller71's ghost
  8232 | D:11     | Reached skill level 11 in Shields
  8281 | D:12     | Found Serimur's Armour Shop.
  8332 | D:12     | Killed an unseen horror
  8345 | D:12     | Identified a scroll of acquirement
  8362 | D:12     | Noticed a five-headed hydra
  8380 | D:12     | Killed a five-headed hydra
  8380 | D:12     | Reached XP level 12. HP: 28/72 MP: 15/15
  8415 | D:12     | Found Fod Cem's Armour Shoppe.
  8420 | D:12     | Bought a scarf of resistance for 480 gold pieces
  8509 | D:12     | Received a gift from Trog
  8570 | D:12     | Noticed a two-headed ogre
  8577 | D:12     | Killed a two-headed ogre
  8595 | D:12     | Noticed a two-headed ogre
  8600 | D:12     | Killed a two-headed ogre
  8600 | D:12     | Reached skill level 12 in Shields
  8746 | D:12     | Found Heffic's Jewellery Emporium.
  8762 | D:12     | Found a flagged portal.
  9092 | Orc:1    | Entered Level 1 of the Orcish Mines
  9203 | Orc:1    | Noticed nocturnal's ghost (journeyman DDFi)
  9261 | Orc:1    | Killed nocturnal's ghost
  9659 | Orc:2    | Entered Level 2 of the Orcish Mines
  9723 | Orc:2    | Reached ****** piety under Trog
  9752 | Orc:2    | Found a roughly hewn altar of Beogh.
  9896 | Orc:2    | Noticed Saint Roka
 10074 | Orc:1    | Killed Saint Roka
 10074 | Orc:1    | Reached XP level 13. HP: 80/80 MP: 16/16
 10291 | Orc:2    | Found a staircase to the Elven Halls.
 10418 | Orc:2    | Reached skill level 13 in Shields
 10670 | Orc:2    | Received a gift from Trog
 10687 | Orc:2    | Killed from afar by an orc priest

Skill      XL: |  1  2  3  4  5  6  7  8  9 10 11 12 13 |
---------------+----------------------------------------+-----
Maces & Flails | 4 5 6 7 8 9 10 12 | 12.2
Fighting       | 4 5 6 7 9 |  9.4
Throwing       | 1 2 |  2.3
Armour         | 3 4 5 6 7 |  7.8
Shields        | 1 3 5 7 9 11 12 13 | 13.1
Evocations     | 2 3 4 |  4.0
Axes           | 4 6 7 |  7.4
Dodging        | |  1.7

Action                   |  1- 3 |  4- 6 |  7- 9 | 10-12 | 13-15 || total
-------------------------+-------+-------+-------+-------+-------++-------
Melee: Mace              |   104 |   149 |   500 |    12 |       ||   765
       Hand axe          |       |       |       |   556 |       ||   556
       Demon whip        |       |       |       |   302 |       ||   302
       War axe           |       |       |       |       |    92 ||    92
Throw: Tomahawk          |     6 |       |       |       |       ||     6
Invok: Berserk           |     2 |     3 |     2 |     8 |     2 ||    17
       Trog's Hand       |       |       |     2 |       |     1 ||     3
Evoke: Wand              |       |       |       |     5 |       ||     5
  Use: Scroll            |     2 |     1 |       |    15 |       ||    18
       Potion            |       |       |       |    10 |     2 ||    12
  Eat: Chunk             |     2 |     5 |    12 |    23 |     4 ||    46
       Ration            |       |       |     1 |       |       ||     1
Armor: Animal skin       |     7 |       |       |       |       ||     7
       Plate armour      |    95 |    85 |   317 |   310 |    19 ||   826
Dodge: Dodged            |    62 |    16 |    59 |    83 |     8 ||   228
Block: Large shield      |       |   107 |   543 |   765 |    90 ||  1505
